 Dungeon Crawl Stone Soup version 0.28-a0-834-g1a73be5ee4 (webtiles) character file.

Game seed: 1312940573620951837

2144 mcbry74 the Cleaver (level 9, -16/70 HPs)
             Began as a Hill Orc Fighter on Nov 11, 2021.
             Was a Priest of Qazlal.
             Demolished by a komodo dragon (45 damage)
             ... on level 7 of the Dungeon.
             The game lasted 00:33:30 (6772 turns).

mcbry74 the Cleaver (Hill Orc Fighter)              Turns: 6772, Time: 00:33:30

Health: -16/70     AC: 12    Str: 20    XL:     9   Next: 30%
Magic:  14/14      EV: 15    Int: 10    God:    Qazlal [***...]
Gold:   519        SH:  9    Dex: 10    Spells: 8/8 levels left

rFire   . . .      SeeInvis .   a - +0 war axe
rCold   . . .      Faith    .   c - +0 buckler
rNeg    . . .      Spirit   .   B - +0 steam dragon scales
rPois   .          Reflect  .   (no helmet)
rElec   .          Harm     .   t - +0 cloak
rCorr   .          Rampage  .   (no gloves)
Will    .....                   v - +0 pair of boots
Stlth   +.........              (no amulet)
HPRegen 0.21/turn               G - +4 ring of protection
MPRegen 0.14/turn               k - +4 ring of evasion

@: no status effects
A: no striking features
a: Renounce Religion, Upheaval, Elemental Force


You were on level 7 of the Dungeon.
You worshipped Qazlal.
Qazlal was most pleased with you.
You visited 1 branch of the dungeon, and saw 7 of its levels.
You also visited: Sewer.

You collected 519 gold pieces.

Inventory:

Hand Weapons
 a - a +0 war axe (weapon)
Missiles
 g - 14 boomerangs (quivered)
 o - 5 datura-tipped darts
 x - 15 poisoned darts
 F - 2 throwing nets
Armour
 b - a +0 scale mail
 c - a +0 buckler (worn)
 s - a +0 plate armour
 t - a +0 cloak (worn)
 v - a +0 pair of boots (worn)
 B - +0 steam dragon scales (worn)
Jewellery
 j - a ring of poison resistance
 k - a +4 ring of evasion (right hand)
 q - a ring of positive energy
 r - a ring of wizardry
 C - a ring of resist corrosion
 E - a ring of wizardry
 G - a +4 ring of protection (left hand)
Wands
 i - a wand of flame (22)
 y - a wand of mindburst (8)
Scrolls
 e - a scroll of vulnerability
 h - 6 scrolls of teleportation
 l - 4 scrolls of identify
 n - 2 scrolls of enchant armour
 D - a scroll of magic mapping {unknown}
Potions
 d - a potion of might
 f - a potion of haste {unknown}
 m - 3 potions of curing
 p - a potion of attraction
 u - 7 potions of flight
 w - a potion of lignification {unknown}
 z - 2 potions of heal wounds {unknown}
 A - a potion of cancellation {unknown}


   Skills:
 - Level 3.6 Fighting
 * Level 11.6 Axes
 + Level 5.2 Throwing
 - Level 3.2 Armour
 - Level 3.2 Shields
 + Level 7.3 Invocations


You had 8 spell levels left.
You didn't know any spells.
Your spell library contained the following spells:

 Spells                   Type           Power      Damage    Failure   Level
 Apportation              Tloc           0%         N/A       38%         1
 Blink                    Tloc           0%         N/A       52%         2
 Call Canine Familiar     Summ           0%         N/A       77%         3
 Conjure Flame            Conj/Fire      0%         6-21      77%         3
 Ignite Poison            Fire/Tmut/Pois 0%         N/A       77%         3
 Lesser Beckoning         Tloc           0%         N/A       77%         3
 Portal Projectile        Hex/Tloc       0%         N/A       77%         3
 Leda's Liquefaction      Hex/Erth       0%         N/A       99%         4
 Sticky Flame             Conj/Fire      0%         2d3       99%         4
 Alistair's Intoxication  Tmut/Pois      0%         N/A       100%        5
 Iskenderun's Battlesphe  Conj           0%         2d6       100%        5
 Manifold Assault         Tloc           0%         N/A       100%        5
 Iron Shot                Conj/Erth      0%         9d1       100%        6
 Spellforged Servitor     Conj/Summ      0%         N/A       100%        7


Dungeon Overview and Level Annotations

Branches:
Dungeon (7/15)             Temple (0/1) D:4           Sewer (visited)

Altars:
Okawaru
Qazlal
Ru
Uskayaw

Shops:
D:7 [

Annotations:
D:5 1 runed translucent door, Tribosh's ghost, amateur OpFi


Message History

Really target yourself?
Okay, then.
Throw: 14 boomerangs
Press: ? - help, Q - select action, (/) - cycle Shift-Dir - straight line, f - you
Okay, then.
Unknown command.
Throw: 14 boomerangs
Press: ? - help, Q - select action, (/) - cycle Shift-Dir - straight line, f - komodo dragon
Aim: a komodo dragon (fast, strong, frenzied and insane, 67% to hit)
You throw a boomerang. The boomerang hits the komodo dragon.
The komodo dragon is lightly wounded.
Throw: 14 boomerangs
Press: ? - help, Q - select action, (/) - cycle Shift-Dir - straight line, f - you, p - komodo dragon Really target yourself? [Y]es or [N]o only, please.
Really target yourself? [Y]es or [N]o only, please.
Really target yourself?
Okay, then.
Okay, then.
Throw: 14 boomerangs
Press: ? - help, Q - select action, (/) - cycle Shift-Dir - straight line, f - komodo dragon
Aim: a komodo dragon (lightly wounded, fast, strong, frenzied and insane, 67% to hit)
You throw a boomerang.
The boomerang hits the komodo dragon but does no damage.
The komodo dragon is lightly wounded.
The komodo dragon refuses to make way for you. (Use ctrl+direction or * direction to attack.)
The komodo dragon refuses to make way for you. (Use ctrl+direction or * direction to attack.)
The komodo dragon refuses to make way for you. (Use ctrl+direction or * direction to attack.)
You block the komodo dragon's attack.
The komodo dragon is struck by lightning.
The komodo dragon bites you!!!
Ouch! That really hurt!
You block the komodo dragon's attack.
You hear a shout!
A centaur comes into view.
You hear a shout!
The komodo dragon hisses angrily.
The komodo dragon bites you!!!
Ouch! That really hurt!
You die...

........##....###..........
.............####..........
.............#.#..=........
...##...§..###...#.........
. ##.....###.#......#.#.#
##.....#.##....#..###.
#..°..........#### .
##..l..........
#..@..........#
#.....##........
#......##.....##..
#.♣♣...###....# #.. #..
....# ..## #.......# ....
c. ...... .... ..###.. ....
####


You could see a neutral komodo dragon (fast, strong, insane).

Vanquished Creatures
  A steam dragon (D:6)
  2 water moccasins
  Duvessa (D:4)
  2 necrophages
  An ice beast (D:7)
  A black bear (D:6)
  A sky beast (D:5)
  4 ogres
  A centaur (D:6)
  Blork the orc (D:4)
  A bullfrog (D:7)
  Dowan (D:4)
  Crazy Yiuf (D:3)
  A hound (D:7)
  A bullfrog skeleton (D:6)
  A centaur zombie (D:5)
  A gnoll shaman (D:5)
  2 iguanas
  An orc wizard (D:5)
  Natasha (D:3)
  A merfolk siren (Sewer)
  A merfolk avatar (Sewer)
  A hound zombie (D:5)
  4 gnolls (D:5)
  11 adders
  3 river rats (Sewer)
  A shadow imp (D:7)
  2 worms (D:2)
  21 orcs
  3 bats
  6 endoplasms
  11 giant cockroaches
  7 goblins
  11 hobgoblins
  8 jackals
  11 kobolds
  7 quokkas
  11 ball pythons
  2 frilled lizards
  33 rats
181 creatures vanquished.

Notes
Turn   | Place    | Note
-------+----------+-------------------------------------------
     0 | D:1      | mcbry74 the Hill Orc Fighter began the quest for the Orb.
     0 | D:1      | Reached XP level 1. HP: 19/19 MP: 1/1
   101 | D:1      | Reached skill level 3 in Axes
   125 | D:1      | Reached XP level 2. HP: 24/26 MP: 2/2
   185 | D:2      | Reached skill level 4 in Axes
   328 | D:3      | Reached XP level 3. HP: 31/31 MP: 3/3
   403 | D:3      | Found a runed translucent door.
   443 | D:3      | Reached skill level 1 in Throwing
   516 | D:3      | Found a stormy altar of Qazlal.
   524 | D:3      | Became a worshipper of Qazlal Stormbringer
  1033 | D:1      | Reached skill level 5 in Axes
  1427 | D:2      | Reached XP level 4. HP: 37/39 MP: 4/4
  2040 | D:3      | Reached skill level 1 in Invocations
  2044 | D:3      | Reached * piety under Qazlal
  2181 | D:3      | Reached XP level 5. HP: 39/45 MP: 6/6
  2380 | D:3      | Noticed Natasha
  2389 | D:3      | Killed Natasha
  2390 | D:3      | Reached skill level 6 in Axes
  2870 | D:3      | Noticed Crazy Yiuf
  2889 | D:3      | Killed Crazy Yiuf
  3059 | D:4      | Found a staircase to the Ecumenical Temple.
  3186 | D:4      | Noticed Blork the orc
  3203 | D:4      | Killed Blork the orc
  3204 | D:4      | Reached XP level 6. HP: 17/51 MP: 6/8
  3571 | D:4      | Found an iron altar of Okawaru.
  3627 | D:4      | Noticed Duvessa
  3648 | D:4      | Noticed Dowan
  3655 | D:4      | Killed Duvessa
  3656 | D:4      | Reached skill level 7 in Axes
  3658 | D:4      | Killed Dowan
  3975 | D:4      | Reached XP level 7. HP: 52/57 MP: 9/9
  4121 | D:5      | Entered Level 5 of the Dungeon
  4215 | D:5      | Reached ** piety under Qazlal
  4221 | D:5      | Found a sacrificial altar of Ru.
  4274 | D:5      | Reached skill level 8 in Axes
  4407 | D:5      | Found a glowing drain.
  4418 | Sewer    | Entered a sewer
  4677 | Sewer    | Reached *** piety under Qazlal
  4834 | D:5      | Reached skill level 9 in Axes
  4834 | D:5      | Reached skill level 5 in Invocations
  4834 | D:5      | Reached XP level 8. HP: 26/64 MP: 11/11
  5435 | D:5      | Found a runed translucent door.
  5437 | D:5      | Noticed Tribosh's ghost (amateur OpFi)
  5656 | D:6      | Reached skill level 10 in Axes
  6063 | D:6      | Reached skill level 11 in Axes
  6063 | D:6      | Reached XP level 9. HP: 61/70 MP: 12/14
  6088 | D:6      | Reached skill level 5 in Throwing
  6534 | D:7      | Noticed a +0 dagger
  6534 | D:7      | Noticed a +0 hand axe
  6535 | D:7      | Found a hide-covered altar of Uskayaw.
  6535 | D:7      | Found Hoyr's Antique Armour Emporium.
  6762 | D:7      | Noticed a komodo dragon
  6772 | D:7      | Demolished by a komodo dragon

Illustrated notes

Levels and vault maps discovered:
D:1:      onia_arrival_mini_maze, layout_loops_ring
D:2:      layout_basic, chequers_serial_rivers_small_3
D:3:      layout_loops_corners, nicolae_qazlal_eye_of_the_storm,
          corexii_hall_statues_t, minmay_joined_circles,
          uniq_crazy_yiuf_cottage, uniq_natasha
D:4:      layout_basic, okawaru_ov_weapons_minmay, temple_statues,
          kennysheep_generic_room_4, uniq_duvessa, uniq_blork_the_orc
D:5:      layout_cave_pods, nicolae_ru_awakened_eye, portal_sewer_entry_f,
          ebering_ghost_reflecting_pool, mrwooster_statue_mirror,
          kennysheep_generic_room_12
D:6:      layout_loops_ring, hex_large, minmay_misc_feat_diagonals
D:7:      layout_layer_cave, dancing_weapons_uskayaw, serial_shops, shop,
          minmay_misc_feat_cross, chequers_mini_garden

Skill      XL: |  1  2  3  4  5  6  7  8  9 |
---------------+----------------------------+-----
Axes           | 3 4 5 6 7 9 11 | 11.6
Throwing       | 1 2 3 4 5 |  5.2
Invocations    | 1 2 3 5 6 7 |  7.3
Fighting       | |  3.6
Armour         | |  3.2
Shields        | |  3.2

Action                   |  1- 3 |  4- 6 |  7- 9 || total
-------------------------+-------+-------+-------++-------
Melee: War axe           |   124 |   145 |   269 ||   538
Throw: Boomerang         |       |    17 |     2 ||    19
       Dart              |       |     3 |    19 ||    22
  Use: Scroll            |       |     8 |       ||     8
 Stab: Distracted        |       |     1 |       ||     1
Armor: Scale mail        |    49 |    36 |    73 ||   158
       Steam dragon scal |       |       |     3 ||     3
Dodge: Dodged            |    62 |    76 |   143 ||   281
Block: Buckler           |    23 |    35 |    94 ||   152

Table legend: (Time is in decaauts)
 A = Elapsed time spent in this place.
 B = Non-inter-level travel time spent in this place.
 C = Inter-level travel time spent in this place.
 D = Time resting spent in this place.
 E = Time spent auto-exploring this place.
 F = Levels seen in this place.
 G = Mean time per level.
                   A        B        C        D        E       F      G
               +--------+--------+--------+--------+--------+-----+--------+
         Total |   6920 |   6632 |    288 |    547 |   3948 |   8 |  865.0 |
       Dungeon |   6477 |   6189 |    288 |    547 |   3848 |   7 |  925.3 |
         Sewer |    442 |    442 |      0 |      0 |    100 |   1 |  442.0 |
               +--------+--------+--------+--------+--------+-----+--------+

Top non-repeatable levels by time:
     D:3: 1602 daAuts
     D:5: 1157 daAuts
     D:4: 1093 daAuts
     D:6: 891 daAuts
     D:1: 861 daAuts
     D:2: 637 daAuts
   Sewer: 442 daAuts
     D:7: 234 daAuts
